Cogmind - Beta 12 @@@ ROGUE MODE // 2023.04.15 @ 21:23:28 Player: Inkie Result: Destroyed by G-34 Mercenary with Small Laser Performance ------------- Evolutions (0) 0 Regions Visited (4) 800 Robots Destroyed (21) 105 Value Destroyed (442) 442 Prototype IDs (4) 80 Alien Tech Used (0) 0 Bonus (28) 28 TOTAL SCORE: 1455 Bonus ------- Follower Combat Kills 35 Friendly Fire -7 Cogmind --------- Core Integrity 0/250 Matter 300/300 Energy 98/100 System Corruption 2% Temperature Cool (6) Movement Core (50) Location -9/Mines Parts ------- > --- POWER (1) -------- (None) > --- PROPULSION (2) --- (None) > --- UTILITY (2) ------ (None) > --- WEAPON (2) ------- Light Assault Rifle Hammer > --- INVENTORY (5) ---- Small Storage Unit Shock Trap Shock Trap Shock Trap Shock Trap Peak State ------------ > --- POWER ------------ Light Ion Engine > --- PROPULSION ------- Light Treads Light Treads > --- UTILITY ---------- Small Storage Unit High-capacity Storage Unit > --- WEAPON ----------- Small Laser Small Laser > --- INVENTORY -------- (None) [Rating: 7] Favorites ----------- Power Light Ion Engine Engine Light Ion Engine Propulsion Wheel Treads Light Treads Wheel Wheel Flight Unit Flight Unit Utility High-capacity Storage Unit Storage High-capacity Storage Unit Protection Light Armor Plating Weapon Small Laser Energy Gun Small Laser Ballistic Gun Light Assault Rifle Impact Weapon Hammer Build | -11 -10 -10 -10 -9 ------- Run | Jun Mat Min Exi Min Slots Evolved . | . . . . . Power . | . . . . . Propulsion . | . . . . . Utility . | . . . . . Weapon . | . . . . . Parts Attached 15 | 6 6 1 . 2 Power 1 | 1 . . . . Engine 1 | 1 . . . . Core . | . . . . . Reactor . | . . . . . Propulsion 6 | 2 2 . . 2 Treads 2 | 2 . . . . Leg . | . . . . . Wheel 2 | . 2 . . . Hover . | . . . . . Flight 2 | . . . . 2 Utility 3 | 1 2 . . . Device . | . . . . . Storage 2 | 1 1 . . . Processor . | . . . . . Hackware . | . . . . . Protection 1 | . 1 . . . Artifact . | . . . . . Weapon 5 | 2 2 1 . . Energy Gun 3 | 2 1 . . . Energy Cannon . | . . . . . Ballistic Gun 1 | . . 1 . . Ballistic Cannon . | . . . . . Launcher . | . . . . . Special Weapon . | . . . . . Impact Weapon 1 | . 1 . . . Slashing Weapon . | . . . . . Piercing Weapon . | . . . . . Special Melee Weapon . | . . . . . Unidentified Prototypes . | . . . . . Parts Lost 7 | . 5 . . 2 Power 1 | . 1 . . . Propulsion 4 | . 2 . . 2 Utility . | . . . . . Weapon 2 | . 2 . . . Highest Loss Streak 4 | . 4 . . 2 To Critical Strikes . | . . . . . Average Slot Usage (%) 80 | . 78 85 85 57 Engine 3 | . 5 . . . Treads 6 | . 11 . . . Wheel 19 | . 15 28 28 10 Storage 13 | . 14 14 14 5 Protection 7 | . 3 14 14 5 Energy Gun 15 | . 24 3 . . Ballistic Gun 5 | . . 10 14 14 Impact Weapon 7 | . 2 14 14 14 Naked Turns . | . . . . . Heaviest Build 46 | 10 46 46 46 46 Greatest Support 40 | 40 40 20 20 20 Greatest Overweight (x) 13 | . 13 2 2 2 Average Overweight (x) 1 | . 1 2 2 . Largest Inventory Capacity 20 | 8 20 20 20 20 Average Capacity 17 | 6 17 20 20 11 Most Carried 7 | . 3 7 7 7 Average Carried 3 | . 1 6 7 5 Final Capacity 20 | 8 20 20 20 5 Final Carried 7 | . 2 7 7 5 Class Distribution -------------------- 100% | Mutant Dominant Class ---------------- Mutant | -10/Materials Mutant | -10/Mines Mutant | -10/Exiles Mutant | -9/Mines Resources | -11 -10 -10 -10 -9 ----------- Run | Jun Mat Min Exi Min Matter Collected 393 | 196 160 14 . 23 Remotely . | . . . . . Salvage Created 591 | . 501 52 . 38 Parts 37 | . 30 4 . 3 Haulers Intercepted . | . . . . . Recyclers Shooed . | . . . . . Parts Field Recycled . | . . . . . Retrieved Matter . | . . . . . Parts Self-Destructed . | . . . . . Prevented . | . . . . . Kills | -11 -10 -10 -10 -9 ------- Run | Jun Mat Min Exi Min Combat Hostiles Destroyed 17 | . 12 2 . 3 Melee 2 | . 1 . . 1 Guns 14 | . 10 2 . 2 Classes Destroyed 7 | . 5 1 . 1 Worker 2 | . 2 . . . Builder 1 | . 1 . . . Tunneler 1 | . . 1 . . Operator 1 | . 1 . . . Swarmer 7 | . 3 2 . 2 Grunt 9 | . 9 . . . Assembled 1 | . . . . 1 Best Kill Streak 5 | . 5 2 . 2 Combat Bots Only 3 | . 3 2 . 2 Max Kills in Single Turn 1 | . 1 1 . 1 Gunslinging . | . . . . . Exploded . | . . . . . Melee 1 | . 1 . . 1 Uniques/NPCs Destroyed . | . . . . . Combat | -11 -10 -10 -10 -9 -------- Run | Jun Mat Min Exi Min Damage Taken 1028 | . 821 10 . 197 Core 260 | . 168 . . 92 Absorbed by Shields . | . . . . . Core Remaining (%) 100 | 100 . . . . Volleys Fired 75 | . 66 4 . 5 Largest 2 | . 2 1 . 1 Hottest 80 | . 80 20 . 20 Shots Fired 129 | . 120 4 . 5 Gun 129 | . 120 4 . 5 Cannon . | . . . . . Launcher . | . . . . . Special . | . . . . . Kinetic 9 | . . 4 . 5 Thermal 120 | . 120 . . . Explosive . | . . . . . Electromagnetic . | . . . . . Robot Hit Streak 10 | . 10 6 . 8 Robot Miss Streak 4 | . 4 . . 2 Penetration Max . | . . . . . Secondary Targets . | . . . . . Shots Hit Robots 83 | . 72 5 . 6 Core Hits 36 | . 28 4 . 4 Critical Kills . | . . . . . Critical Parts Destroyed 1 | . 1 . . . Critical Strikes 1 | . 1 . . . Smash 1 | . 1 . . . Melee Attacks 6 | . 1 1 . 4 Impact 6 | . 1 1 . 4 Slashing . | . . . . . Piercing . | . . . . . Sneak Attacks 3 | . 1 1 . 1 Combat Hostiles . | . . . . . Follow-up Attacks . | . . . . . Damage Inflicted 1112 | . 924 73 . 115 Guns 889 | . 836 29 . 24 Cannons . | . . . . . Explosions . | . . . . . Melee 209 | . 74 44 . 91 Ramming 14 | . 14 . . . Kinetic 53 | . . 29 . 24 Thermal 836 | . 836 . . . Explosive . | . . . . . Electromagnetic . | . . . . . Impact 209 | . 74 44 . 91 Slashing . | . . . . . Piercing . | . . . . . Highest Corruption 2 | . . . . 2 Average Corruption 2 | . . . . 2 Corruption Purged . | . . . . . Corruption Blocked . | . . . . . Overload Shots . | . . . . . Overflow Damage 78 | . 74 4 . . Projectiles . | . . . . . Explosions . | . . . . . Melee 78 | . 74 4 . . Knockbacks 2 | . . 1 . 1 Impact 2 | . . 1 . 1 Kinetic . | . . . . . Secondary . | . . . . . Self-Inflicted Damage . | . . . . . Shots . | . . . . . Rammed 6 | . 6 . . . Targets Rammed 6 | . 6 . . . Kicked . | . . . . . Crushed . | . . . . . Highest Temperature 490 | . 490 . . . Average Temperature 116 | . 116 . . . Received Heat Transfer 540 | . 453 . . 87 Effects 4 | . 4 . . . Shutdowns 2 | . 2 . . . Energy Bleed 1 | . 1 . . . Matter Decay 1 | . 1 . . . Siege Activations . | . . . . . Robots Corrupted . | . . . . . Combat Hostiles . | . . . . . Parts Fried 2 | . . 2 . . Impact Corruptions 2 | . 1 1 . . Robots Melted 1 | . 1 . . . Combat Hostiles 1 | . 1 . . . Parts Melted 3 | . 3 . . . Heat Transferred 1875 | . 1875 . . . Parts Sabotaged . | . . . . . Parts Stolen . | . . . . . Parts Stripped . | . . . . . Power Chain Reactions . | . . . . . Missiles Intercepted . | . . . . . Alert | -11 -10 -10 -10 -9 ------- Run | Jun Mat Min Exi Min Peak Influence 176 | . 122 176 . 144 Initial . | . . . . . Average 49 | . 44 62 . 92 Maximum Alert Level . | . . . . . Low Security (%) 100 | 100 100 100 . 100 Level 1 . | . . . . . Level 2 . | . . . . . Level 3 . | . . . . . Level 4 . | . . . . . Level 5 . | . . . . . High Security . | . . . . . Max Security . | . . . . . Squads Dispatched 2 | . 2 . . . Investigation 1 | . 1 . . . Extermination . | . . . . . Reinforcement 1 | . 1 . . . Assault . | . . . . . Garrison . | . . . . . Intercept . | . . . . . Searches Triggered . | . . . . . Construction Impeded . | . . . . . Haulers Reinforced . | . . . . . Active Scanning Responses . | . . . . . Cargo Convoy Interrupts . | . . . . . Stealth | -11 -10 -10 -10 -9 --------- Run | Jun Mat Min Exi Min Distress Signals 3 | . 2 . . 1 Communications Jammed . | . . . . . Distress Signals . | . . . . . Times Spotted 50 | . 21 6 . 23 Peak Tracking Total 14 | . 5 3 . 14 Tactical Retreats 2 | . . . . 2 Traps | -11 -10 -10 -10 -9 ------- Run | Jun Mat Min Exi Min Traps Triggered 1 | . 1 . . . Indirectly . | . . . . . Trap Hack Attempts . | . . . . . Triggered . | . . . . . Disarmed . | . . . . . Reprogrammed . | . . . . . Reused . | . . . . . Traps Extracted . | . . . . . Installed . | . . . . . Triggered . | . . . . . Most Traps Carried 4 | . . 4 4 4 Machines | -11 -10 -10 -10 -9 ---------- Run | Jun Mat Min Exi Min Machines Disabled 1 | . . . . 1 Max in Single Turn . | . . . . . Machines Repaired . | . . . . . Machines Sabotaged . | . . . . . Overloaded Fab Kills . | . . . . . Hacking | -11 -10 -10 -10 -9 --------- Run | Jun Mat Min Exi Min Machines Accessed 10 | . 6 1 1 2 Terminals 9 | . 6 1 . 2 Fabricators . | . . . . . Repair Stations . | . . . . . Recycling Units . | . . . . . Scanalyzers . | . . . . . Garrison Access . | . . . . . Total Hacks 23 | . 18 2 1 2 Successful 10 | . 7 1 1 1 Failed 13 | . 11 1 . 1 Catastrophic 4 | . 3 . . 1 Database Lockouts . | . . . . . Manual 15 | . 11 2 . 2 Terminals 22 | . 18 2 . 2 Fabricators . | . . . . . Repair Stations . | . . . . . Recycling Units . | . . . . . Scanalyzers . | . . . . . Garrison Access . | . . . . . Terminal Hacks 8 | . 5 1 1 1 Record 2 | . 1 . 1 . Prototype ID Bank 2 | . 1 1 . . Level Access Points 1 | . . . . 1 Branch Access Points 1 | . 1 . . . Unreport Threat 2 | . 2 . . . Fabricator Hacks . | . . . . . Repair Station Hacks . | . . . . . Recycling Unit Hacks . | . . . . . Scanalyzer . | . . . . . Garrison Access Hacks . | . . . . . Unauthorized Hacks 2 | . 2 . . . Terminals 2 | . 2 . . . Assimilate 1 | . 1 . . . Operators 1 | . 1 . . . Fabricators . | . . . . . Repair Stations . | . . . . . Recycling Units . | . . . . . Scanalyzers . | . . . . . Garrison Access . | . . . . . Data Cores Recovered . | . . . . . Used . | . . . . . Hacking Detections 9 | . 6 1 . 2 Full Trace Events 1 | . 1 . . . Feedback Events . | . . . . . Feedback Blocked . | . . . . . Robot Schematics Acquired . | . . . . . Robots Built . | . . . . . Authchips . | . . . . . Time . | . . . . . Total Robot Build Rating . | . . . . . Part Schematics Acquired . | . . . . . Parts Built . | . . . . . Authchips . | . . . . . Time . | . . . . . Total Part Build Rating . | . . . . . Parts Repaired . | . . . . . Time . | . . . . . Parts Recycled . | . . . . . Recycled Matter . | . . . . . Retrieved Matter . | . . . . . Retrieved Components . | . . . . . Parts Scanalyzed . | . . . . . Part Schematics Acquired . | . . . . . Parts Damaged . | . . . . . Bothacking | -11 -10 -10 -10 -9 ------------ Run | Jun Mat Min Exi Min Used RIF Installer . | . . . . . Robots Hacked . | . . . . . Non-combat . | . . . . . Combat . | . . . . . Robot Hacks Applied . | . . . . . Relay Couplers Released . | . . . . . Fabnet Peak Effective % . | . . . . . Robots Rewired . | . . . . . Allies Hacked . | . . . . . Hacks Repelled . | . . . . . Allies | -11 -10 -10 -10 -9 -------- Run | Jun Mat Min Exi Min Total Allies 3 | . . 3 . . Largest Group 3 | . . 3 2 2 Highest-Rated Group 40 | . . 40 32 32 Highest-Rated Ally 16 | . . 16 16 16 Total Orders . | . . . . . Ally Attacks 30 | . . 13 . 17 Total Damage 220 | . . 120 . 100 Kills 8 | . . 5 . 3 Allies Corrupted . | . . . . . Allies Melted . | . . . . . Intel | -11 -10 -10 -10 -9 ------- Run | Jun Mat Min Exi Min Robot Analysis Total . | . . . . . Derelict Logs Recovered . | . . . . . Drone Launches . | . . . . . Drone Recoveries . | . . . . . Exploration | -11 -10 -10 -10 -9 ------------- Run | Jun Mat Min Exi Min Turns Passed 2289 | 88 1306 449 340 106 Spaces Moved 1543 | 53 690 356 299 145 Core 27 | 4 2 . . 21 Treads 291 | 49 242 . . . Legs . | . . . . . Wheels 1122 | . 446 356 299 21 Hover . | . . . . . Flight 103 | . . . . 103 Fastest Speed 37 | 50 110 110 110 37 Average Speed 118 | 151 139 110 110 49 Slowest Speed 700 | 160 700 110 110 110 Overloaded Moves . | . . . . . Propulsion Burnouts . | . . . . . Robots Hopped 1 | . . . . 1 Cave-ins Triggered . | . . . . . Exploration Rate (%) 56 | 5 81 89 68 37 Regions Visited 4 Branch Regions 3 Pre-discovered Areas 1 | . . . 1 . Known Exits Taken 1 | . 1 . . . Unknown Exits Taken 3 | 1 . 1 1 . Scrap Searched 1 | . . 1 . . Spaces Dug . | . . . . . Terrain Destroyed . | . . . . . Melee . | . . . . . Projectile . | . . . . . AOE . | . . . . . Terrain Rammed . | . . . . . Walls Destroyed . | . . . . . Machines Disabled . | . . . . . Actions | -11 -10 -10 -10 -9 --------- Run | Jun Mat Min Exi Min Total 1845 | 58 901 408 310 168 Wait 190 | . 129 41 12 8 Move 1537 | 52 689 355 298 143 Hop 1 | . . . . 1 Pick Up 9 | . 3 5 . 1 Fast Attach 13 | 6 5 1 . 1 Attach 1 | . 1 . . . Detach . | . . . . . Swap 1 | . . . . 1 Drop 6 | . 1 1 . 4 Fire 75 | . 66 4 . 5 Melee 6 | . 1 1 . 4 Ram . | . . . . . Kick . | . . . . . Crush 6 | . 6 . . . Escape Stasis . | . . . . . Rewire . | . . . . . Trap . | . . . . . Miscellaneous . | . . . . . Route ------- -11/Junkyard -10/Materials (discovered 3 exits: [*Mat x2] / *Min) -10/Mines (discovered 3 exits: [*Mat x2] / *Exi) -10/Exiles -9/Mines (discovered 2 exits: *Mat x2) History --------- Turn | Location | Event 7 | -11/Junkyard | Discovered new exit (range 15) 89 | -11/Junkyard | Entered Materials 139 | -10/Materials | Discovered new exit (range 15) 318 | -10/Materials | Build established: Mutant 333 | -10/Materials | Discovered new exit (range 3) 480 | -10/Materials | Discovered new exit (range 16) 660 | -10/Materials | Lost 4 parts (1p2n1w) 891 | -10/Materials | Core integrity fell below 50% 1008 | -10/Materials | Identified exit to Mines 1395 | -10/Materials | Entered Mines 1400 | -10/Mines | Assisted by bots powering up and referring to "LRC-V3" 1436 | -10/Mines | Met a Derelict bent on vengeance 1467 | -10/Mines | Found a hidden stash of uninstalled traps 1488 | -10/Mines | Discovered new exit (range 10) 1522 | -10/Mines | Discovered new exit (range 16) 1822 | -10/Mines | Deemed a non-threat by the Exiles lab entrance 1823 | -10/Mines | Discovered new exit (range 5) 1844 | -10/Mines | Entered Exiles 1844 | -10/Exiles | Accompanied by 2 allies 1872 | -10/Exiles | Met 8R-AWN 1890 | -10/Exiles | Met EX-HEX 1945 | -10/Exiles | Met EX-DEC 1964 | -10/Exiles | Learned location of Zion (-7) 2042 | -10/Exiles | Met EX-BIN 2157 | -10/Exiles | Discovered new exit (range 14) 2184 | -10/Exiles | Entered Mines 2184 | -9/Mines | Accompanied by 2 allies 2185 | -9/Mines | Assembled infested the area 2246 | -9/Mines | Identified exit to Materials 2257 | -9/Mines | Core integrity fell below 20% 2290 | -9/Mines | Destroyed by G-34 Mercenary with Small Laser Last Messages --------------- 02231_ Acquired 13 matter. 02232_ Acquired Flight Unit. 02246_ Connecting with Terminal... >>Access(Main) Found 2 level access points to Materials: (54,26) (11,22) Map updated. 02259_ Acquired 10 matter. 02259_ U-05 Engineer destroyed. 02262_ Flight Unit destroyed. 02262_ System corrupted by crushing effect (+2). 02269_ Flight Unit destroyed. 02270_ as-37928 destroyed. 02279_ as-63607 sneak attacks. 02279_ K-01 Serf system corrupted by crushing effect. 02279_ K-01 Serf knocked back. 02281_ Sneak attack on T-07 Excavator. 02282_ T-07 Excavator sends out distress signal. 02287_ G-34 Mercenary knocked back. Map ----- +----------------------------------------------------+ | ???????????????????????????????????????????? | | ???????????????????????????????????????????? | | ???????????????????????????????????????????? | | ???????????????????????????????????????????? | | ???????????????????????????????????????????? | | ???????????????????????????????????????????? | | ???????????????????????????????????????????? | | ???????????????????????????????????????????? | | ???????????????????????????????????????????? | | ???????????????????????????????????????????? | | ???????????????????????????????????????????? | | ???????????????????????????????????????????? | | ???????????????????????????????????????????? | | ???????????????????????????????????????????? | | ???????????????????????????????????????????? | | ???????????????????????????????????????????? | | ?????????????????????????? ????????????????? | | ??????????????????????????k #??????????????? | | ?????????????????????????? #??????????????? | | ?????????????????????##### ##?????????????? | | ?????????????????????# ##????????????? | | ?????????????????????# """ T#????????????? | | ?????????????????????# """ #?????????????? | | ?????????????????????# < """ #?####????????? | | ??????????????????????? ??## #####????? | | ????????????????????????#@##### #????? | | ????????????????????????#g a """ #????? | | ????????????????????????# ##### """ #????? | | ??????????????????????? #???# """ ##????? | | ?????????????????????? ???# ##????? | | ????????????????????? ???## ##???? | | ????????????????????## ????## ##??? | | ?????????????????????# ?????# ##?? | | ??????#####??????????# ????## ##? | | ??????? ##????????## ##????# #? | | ???????# #??????????##??????# #? | | ???????# #??????????????????## #? | | ???????# #???????????????????#### ## ##? | | ???##### ##?????????????????????# #?###?? | | ???# ##?????????????######## #?????? | | ???# #?????????????# % #?????? | | ???????# ######??###???# #######?????? | | ???????# #### ##??# #???????????? | | ???????# ###### ##?# #???????????? | | ???????## #????# ### ### #???????????? | | ????????## #????# #?# #???????????? | | ?????????# #????# #?# #???????????? | | ?????????# #????# #???????????? | | ?????????# #????##### ## #??????????? | | ?????????# #????????####### #??????????? | +----------------------------------------------------+ Best States ------------- Heat Dissipation 25 Energy Generation 10 Energy Capacity 125 Matter Stores 300 Matter Capacity 300 Sight Range 16 Terrain Scan Density 10 Armor Coverage 150 Evasion (%) 62 Recoil Reduction 2 Item Schematics ----------------- None Robot Schematics ------------------ None Fabricated ------------ Nothing Alien Tech Used ----------------- None Achievements -------------- None Challenges ------------ None Game ------ Seed MasterSpikedWarhead Manual? 0 Play Time 00:14:36 Cumulative 452.0 hours Start 2023.04.15 @ 21:05:44 End 2023.04.15 @ 21:23:28 Sessions 1 Manual Loads 0 Difficulty Rogue Special Mode None Game No. 495 Rogue 486 Adventurer 8 Explorer 1 Win Type - Total 7 Types 4/1/2/0/0/0/0/0/0 Lore% 79 Gallery% 90 Achievement% 71 Wizard Run 0 Options --------- ASCII 0 Keyboard 0 Movement Numpad Keybinds 1 Fullscreen 2 Font 18/Terminus Map View 76x50 Tactical HUD 1 Map Filters NONE Filters NONE Steam 1 RUN: 9fe1f4a9-5d71-4bb9-9fd3-4079599e2373